 Dungeon Crawl Stone Soup version 0.22-a0-848-ge9e22a0 (webtiles) character file.

114786 Dietz the Bewitcher (level 16, -3/106 HPs)
             Began as a Vampire Enchanter on July 26, 2018.
             Was the Champion of Dithmenos.
             Slain by a seven-headed hydra (9 damage)
             ... on level 1 of the Swamp on July 27, 2018.
             The game lasted 02:36:50 (28216 turns).

Dietz the Bewitcher (Vampire Enchanter)            Turns: 28216, Time: 02:36:52

Health: -3/106     AC: 13    Str:  7    XL:     16   Next: 17%
Magic:  27/43      EV: 15    Int: 19    God:    Dithmenos [******]
Gold:   454        SH:  0    Dex: 20    Spells: 9/44 levels left

rFire    . . .     SeeInvis +   i - +9 quick blade (freeze)
rCold    + + .     Gourm    .   (no shield)
rNeg     + + +     Faith    .   C - +4 troll leather armour
rPois    ∞         Spirit   .   Z - +2 helmet
rElec    .         Reflect  .   S - scarf {cloud immunity}
rCorr    .         Harm     .   N - +0 pair of gloves
MR       +....                  q - +0 pair of boots
Stlth    ++++++++++             l - amulet of the acrobat
HPRegen  0.00/turn              R - ring of magical power
MPRegen  0.28/turn              A - ring of wizardry

@: bloodless, non-regenerating, wreathed by umbra
A: fangs 3, see invisible, unbreathing
a: Bat Form, Shadow Step, Shadow Form, Renounce Religion


You were on level 1 of the Swamp.
You worshipped Dithmenos.
Dithmenos was exalted by your worship.
You were bloodless.

You visited 6 branches of the dungeon, and saw 27 of its levels.

You collected 2418 gold pieces.
You spent 1964 gold pieces at shops.

Inventory:

Hand Weapons
 i - a +9 quick blade of freezing (weapon)
 E - the +3 rapier of Grace {flame, rF+ MR+++ Int-4 Dex+3}
   (You found it on level 5 of the Lair of Beasts)

   It has been specially enchanted to burn those struck by it, causing extra
   injury to most foes and up to half again as much damage against particularly
   susceptible opponents.
   It affects your intelligence (-4).
   It affects your dexterity (+3).
   It protects you from fire.
   It affects your resistance to hostile enchantments.
 O - a +0 blowgun
 T - a +6 dagger of venom
Missiles
 h - 627 stones (quivered)
 G - 3 needles of frenzy
 H - 8 needles of sleeping
Armour
 q - a +0 pair of boots (worn)
 w - a +2 robe of positive energy
 z - a +2 robe of magic resistance
 C - a +4 troll leather armour (worn)
 F - a +2 robe of resistance
 N - a +0 pair of gloves (worn)
 S - a scarf of cloud immunity (worn)
 Z - a +2 helmet (worn)
Jewellery
 d - an uncursed ring of ice
 j - an uncursed ring of protection from magic
 k - an uncursed ring of protection from magic
 l - an amulet of the acrobat (around neck)
 A - a ring of wizardry (right hand)
 Q - an uncursed ring of protection from cold
 R - a ring of magical power (left hand)
 X - an uncursed ring of wizardry
 Y - an uncursed ring of flight
Wands
 a - a wand of scattershot (10)
 b - a wand of iceblast (9)
 B - a wand of enslavement (26)
 D - a wand of digging (5)
 J - a wand of paralysis (29)
 M - a wand of acid (4)
Scrolls
 c - 10 scrolls of remove curse
 g - 7 scrolls of teleportation
 o - a scroll of brand weapon
 p - 7 scrolls of amnesia
 r - 7 scrolls of blinking
 u - a scroll of silence
 y - a scroll of fear
 I - a scroll of identify
 L - 2 scrolls of vulnerability
 W - a scroll of fog
Potions
 e - 2 potions of brilliance
 f - 8 potions of curing
 m - 2 potions of heal wounds
 n - 3 potions of agility
 s - 3 potions of haste
 x - 3 potions of might
 P - 3 potions of cancellation
 U - a potion of resistance
 V - a potion of invisibility
Miscellaneous
 t - a phantom mirror
 K - a phial of floods


   Skills:
 + Level 4.0 Fighting
 * Level 14.0 Short Blades
 + Level 5.9 Dodging
 + Level 19.0 Stealth
 + Level 14.6 Spellcasting
 + Level 19.8 Hexes
 * Level 2.8 Earth Magic


You had 9 spell levels left.
You knew the following spells:

 Your Spells              Type           Power        Failure   Level  Hunger
a - Corona                Hex            ######.      0%          1    None
b - Ensorcelled Hibernat  Hex/Ice        ######       1%          2    None
c - Confuse               Hex            ######..     0%          3    None
d - Tukima's Dance        Hex            ######..     0%          3    None
e - Dazzling Spray        Conj/Hex       ######       1%          3    None
f - Metabolic Englaciati  Hex/Ice        ######....   1%          5    ####...
g - Yara's Violent Unrav  Hex/Tmut       ######....   1%          5    ####...
h - Gell's Gravitas       Tloc           ##........   9%          3    None
i - Slow                  Hex            ######..     0%          2    None
j - Blink                 Tloc           N/A          4%          2    None
k - Mephitic Cloud        Conj/Pois/Air  ##......     9%          3    None
l - Stone Arrow           Conj/Erth      ###...       4%          3    None

Your spell library contained the following spells:

 Spells                   Type           Power        Failure   Level  Hunger
 Magic Dart               Conj           ##..         2%          1    None
 Fireball                 Conj/Fire      ##........   58%         5    ####...
 Conjure Flame            Conj/Fire      ##......     9%          3    None
 Bolt of Magma            Conj/Fire/Erth ###.......   45%         5    ####...
 Throw Flame              Conj/Fire      ##....       4%          2    None
 Sticky Flame             Conj/Fire      ##......     26%         4    None
 Call Imp                 Summ           ##......     4%          2    None
 Iron Shot                Conj/Erth      ###.......   91%         6    #####..
 Statue Form              Tmut/Erth      ###......    91%         6    #####..
 Dragon Form              Tmut           ##........   100%        7    #######
 Confusing Touch          Hex            ######       0%          1    None
 Flame Tongue             Conj/Fire      ##...        2%          1    None
 Passwall                 Tmut/Erth      ###.....     2%          2    None
 Shatter                  Erth           ###.......   100%        9    #######
 Lee's Rapid Deconstruct  Erth           ###.......   24%         5    ####...
 Sandblast                Erth           ###...       1%          1    None
 Petrify                  Tmut/Erth      ###.....     16%         4    None
 Leda's Liquefaction      Hex/Erth       ######....   1%          4    None
 Inner Flame              Hex/Fire       ######..     1%          3    None
 Hydra Form               Tmut           ##........   98%         6    #####..
 Irradiate                Conj/Tmut      ##........   58%         5    ####...
 Borgnjor's Vile Clutch   Necr/Erth      ###.......   38%         5    ####...


Dungeon Overview and Level Annotations

Branches:
Dungeon (15/15)            Temple (1/1) D:6            Lair (6/6) D:11
  Swamp (1/4) Lair:4       Spider (2/4) Lair:2        Slime (0/5) Lair:6
    Orc (2/2) D:10            Elf (0/3) Orc:2        Vaults (0/5) D:14
 Depths (0/5) D:15

Altars:
Ashenzari
Cheibriados
Dithmenos
Elyvilon
Fedhas
Gozag
Hepliaklqana
Kikubaaqudgha
Makhleb
Nemelex Xobeh
Okawaru
Qazlal
Ru
Sif Muna
Trog
Uskayaw
Vehumet
Wu Jian
Xom
Yredelemnul
Zin
The Shining One

Shops:
D:8 [   D:10 ([   D:12 *   D:14 }   Orc:2 =[*(}*

Annotations:
D:15 3 runed doors, Tain's ghost, journeyman TrBe; Uvinaotu's ghost, journeyman MiFi
Lair:2 1 runed door, Zonian's ghost, journeyman HOFi
Spider:1 1 runed door, iishen's ghost, adept TrBe


Innate Abilities, Weirdness & Mutations

You do not heal naturally.
You are immune to poison.
You have razor-sharp teeth.
You have supernaturally acute eyesight. (SInv)
You can survive without breathing.


Message History

The seven-headed hydra bites you.
* * * LOW HITPOINT WARNING * * *
The seven-headed hydra bites you!
* * * LOW HITPOINT WARNING * * *
The seven-headed hydra barely misses you.
The seven-headed hydra bites you but does no damage.
Unknown command.
Casting: Ensorcelled Hibernation (safe; 1% risk of failure)
Confirm with . or Enter, or press ? or * to list all spells.
Aiming: Ensorcelled Hibernation (safe; 1% risk of failure)
Press: ? - help, Shift-Dir - straight line, f/p - seven-headed hydra
Aim: a seven-headed hydra (umbra, chance to defeat MR: 37%)
The seven-headed hydra easily resists.
The seven-headed hydra bites you but does no damage. x2
The seven-headed hydra bites you.
* * * LOW HITPOINT WARNING * * *
The seven-headed hydra bites you!
* * * LOW HITPOINT WARNING * * *
The seven-headed hydra bites you!
You die...

♣♣≈... ♣.≈ ♣♣≈≈≈.♣
♣≈≈ ♣♣♣♣♣≈≈≈≈.♣ ♣.≈
♣.†.≈♣≈.≈.♣ ≈≈§
♣.≈.≈≈.[≈.♣♣ ♣.≈
♣.≈≈≈.♣≈≈≈.♣♣ ♣..
♣<≈≈≈.≈≈≈≈≈≈♣♣♣♣.≈
♣.≈≈≈≈≈≈≈≈♣≈..♣.(≈
.≈
♣♣@≈≈.......w?≈..≈§
>.>≈ ♣♣
♣.D≈..♣♣♣..≈≈≈w≈(..
♣..≈§♣.♣♣ ♣♣.♣≈.♣♣
♣♣.≈..≈.§≈♣
♣[≈≈≈≈.♣♣♣...>♣♣
♣♣♣♣..≈§§§
♣.≈.≈≈.≈..≈≈≈♣♣
♣♣♣♣§§§
♣♣...≈≈≈≈≈≈.≈♣ ♣♣♣♣
♣♣.♣♣.≈≈≈..♣♣
♣♣..♣≈.≈.♣♣
♣♣≈≈≈≈≈.♣


You could see a seven-headed hydra.

Vanquished Creatures
  Arachne (Spider:2)
  A ghost moth (Spider:2)
  An orc warlord (Orc:2)
  6 dire elephants
  Josephine (Orc:1)
  Erolcha (D:9)
  An ogre mage (D:15)
  An anaconda (Lair:6)
  Erica (D:9)
  2 two-headed ogres
  5 hydras
  7 centaur warriors
  15 death yaks
  4 orc high priests
  6 skeletal warriors
  5 unseen horrors
  Pikel (D:7)
  4 orc knights
  A deep elf archer (D:14)
  11 ugly things
  3 deep elf magi
  3 orb spiders (Spider:1)
  8 wolf spiders
  6 orc sorcerers
  A salamander (D:15)
  2 cyclopes (D:15)
  3 manticores
  5 black mambas
  7 elephants (Lair:6)
  15 spiny frogs
  6 centaur skeletons
  A torpor snail (Spider:1)
  9 komodo dragons
  2 demonic crawlers (Spider:1)
  3 kobold demonologists
  16 jumping spiders
  A tengu conjurer (D:14)
  A polar bear (Lair:4)
  A tyrant leech (Swamp:1)
  11 trolls
  2 hornets
  Prince Ribbit (D:8)
  2 dream sheep (D:12)
  4 bog bodies (Lair:4)
  13 hippogriffs
  5 slime creatures
  A vampire (D:13)
  3 blink frogs (Lair:1)
  A spriggan (Lair:3)
  6 wraiths
  14 redbacks
  3 tarantellas
  48 yaks
  2 wyverns
  A basilisk (shapeshifter) (D:13)
  Grum (D:8)
  6 basilisks
  3 steam dragons
  3 hungry ghosts
  An acid dragon (D:15)
  3 soldier ants
  3 swamp worms
  3 wargs
  An acid dragon (shapeshifter) (D:14)
  23 water moccasins
  Edmund (D:5)
  6 porcupines
  A swamp drake (D:11)
  2 slaves (D:7)
  A black bear (Lair:3)
  A hornet zombie (D:13)
  37 orc warriors
  An ice beast (D:14)
  2 necrophages
  3 sky beasts
  4 phantoms
  25 ogres
  10 wolves
  14 centaurs
  16 crocodiles
  9 big kobolds
  A wyvern zombie (D:11)
  16 bullfrogs
  An earth elemental (D:12)
  2 gnoll sergeants
  6 scorpions
  5 wights (D:11)
  3 electric eels
  2 howler monkeys (D:14)
  7 crimson imps
  A quasit (D:10)
  5 bullfrog zombies
  16 jellies
  Crazy Yiuf (D:2)
  13 orc priests
  4 bullfrog skeletons
  21 orc wizards
  7 hounds
  5 iguanas
  Natasha (D:2)
  8 hell rats (Lair:2)
  10 worker ants
  A hound skeleton (D:11)
  A howler monkey skeleton (D:2)
  A worker ant zombie (D:8)
  9 gnolls
  11 river rats (Lair:2)
  9 adders
  2 shadow imps
  An adder skeleton (D:6)
  3 worms
  3 dart slugs
  6 leopard geckos
  75 orcs
  2 ball pythons
  7 bats
  10 giant cockroaches
  6 goblins
  4 hobgoblins
  6 jackals (D:1)
  27 kobolds
  13 quokkas
  5 frilled lizards
  A jackal skeleton (D:4)
  A quokka skeleton (D:5)
  19 rats
  A butterfly (Lair:6)
  A plant (Lair:6)
825 creatures vanquished.

Vanquished Creatures (others)
  3 orcs
  2 bushes (Lair:2)
  16 fungi
  17 plants (Lair:6)
  3 withered plants (D:15)
41 creatures vanquished.

Grand Total: 866 creatures vanquished

Notes
Turn   | Place    | Note
-------+----------+-------------------------------------------
     0 | D:1      | Dietz the Vampire Enchanter began the quest for the Orb.
     0 | D:1      | Reached XP level 1. HP: 13/13 MP: 3/3
   302 | D:1      | Reached skill level 5 in Stealth
   325 | D:1      | Reached XP level 2. HP: 5/19 MP: 0/5
   628 | D:1      | Learned a level 2 spell: Ensorcelled Hibernation
   745 | D:1      | Found a glowing golden altar of the Shining One.
  1184 | D:2      | Noticed a crimson imp
  1194 | D:2      | Killed a crimson imp
  1194 | D:2      | Reached XP level 3. HP: 22/24 MP: 1/6
  1321 | D:2      | Found a runed door.
  1325 | D:2      | Noticed Crazy Yiuf
  1330 | D:2      | Killed Crazy Yiuf
  1330 | D:2      | Reached XP level 4. HP: 30/30 MP: 4/7
  1395 | D:2      | Noticed Natasha
  1400 | D:2      | Killed Natasha
  1565 | D:2      | Reached XP level 5. HP: 35/35 MP: 4/8
  2072 | D:2      | Learned a level 3 spell: Confuse
  2405 | D:3      | Reached skill level 5 in Hexes
  3136 | D:3      | Found a shadowy altar of Dithmenos.
  3147 | D:3      | Became a worshipper of Dithmenos the Shadowed
  3773 | D:3      | Learned a level 3 spell: Tukima's Dance
  3774 | D:4      | Noticed an ogre
  3777 | D:4      | Killed an ogre
  3777 | D:4      | Reached XP level 6. HP: 41/41 MP: 4/10
  3953 | D:4      | Found a burning altar of Makhleb.
  4479 | D:4      | Reached skill level 10 in Stealth
  4562 | D:4      | Reached XP level 7. HP: 46/46 MP: 7/12
  4938 | D:5      | Entered Level 5 of the Dungeon
  4973 | D:5      | Reached * piety under Dithmenos
  5275 | D:5      | Reached XP level 8. HP: 52/52 MP: 9/15
  5310 | D:5      | Reached skill level 5 in Spellcasting
  5318 | D:5      | Found a basalt altar of Yredelemnul.
  5808 | D:5      | Found a shattered altar of Ashenzari.
  6000 | D:5      | Noticed Edmund
  6093 | D:5      | Killed Edmund
  6324 | D:6      | Found a glowing silver altar of Zin.
  6325 | D:6      | Found a glowing golden altar of the Shining One.
  6325 | D:6      | Found an iron altar of Okawaru.
  6326 | D:6      | Found a hazy altar of Hepliaklqana.
  6371 | D:6      | Found a blossoming altar of Fedhas.
  6387 | D:6      | Reached ** piety under Dithmenos
  6594 | D:6      | Found a staircase to the Ecumenical Temple.
  6607 | D:6      | Reached skill level 10 in Hexes
  6619 | Temple   | Entered the Ecumenical Temple
  7025 | D:7      | Noticed an unseen horror
  7032 | D:7      | Killed an unseen horror
  7032 | D:7      | Reached skill level 5 in Short Blades
  7032 | D:7      | Reached XP level 9. HP: 57/57 MP: 17/19
  7042 | D:7      | Noticed Pikel
  7050 | D:7      | Killed Pikel
  7744 | D:8      | Found Osuwn's Armour Shoppe.
  7758 | D:8      | Bought a +0 troll leather armour for 180 gold pieces
  7774 | D:8      | Learned a level 3 spell: Dazzling Spray
  7780 | D:8      | Learned a level 5 spell: Metabolic Englaciation
  7786 | D:8      | Learned a level 5 spell: Yara's Violent Unravelling
  7844 | D:8      | Noticed Prince Ribbit
  7856 | D:8      | Killed Prince Ribbit
  7856 | D:8      | Reached XP level 10. HP: 63/63 MP: 15/21
  8090 | D:8      | Noticed Grum
  8107 | D:8      | Killed Grum
  8704 | D:9      | Noticed Erolcha
  8705 | D:9      | Killed Erolcha
  8821 | D:9      | Reached *** piety under Dithmenos
  8928 | D:9      | Learned a level 3 spell: Gell's Gravitas
  9303 | D:9      | Noticed Erica
  9310 | D:9      | Killed Erica
  9377 | D:10     | Entered Level 10 of the Dungeon
  9421 | D:10     | Reached XP level 11. HP: 68/68 MP: 18/24
  9589 | D:10     | Reached skill level 10 in Spellcasting
  9616 | D:10     | Found Wuitim's Weapon Shoppe.
  9622 | D:10     | Found a staircase to the Orcish Mines.
  9624 | D:10     | Found Posa's Armour Shoppe.
 10143 | D:11     | Noticed a red ugly thing
 10161 | D:11     | Killed a red ugly thing
 10161 | D:11     | Reached **** piety under Dithmenos
 10598 | D:11     | Reached skill level 15 in Hexes
 10706 | D:11     | Noticed a white ugly thing
 10740 | D:11     | Killed a white ugly thing
 11155 | D:11     | Found a staircase to the Lair.
 11477 | Lair:1   | Entered Level 1 of the Lair of Beasts
 11607 | Lair:1   | Reached XP level 12. HP: 74/74 MP: 27/27
 11712 | Lair:1   | Noticed a four-headed hydra
 11717 | Lair:1   | Killed a four-headed hydra
 11717 | Lair:1   | Reached ***** piety under Dithmenos
 11876 | Lair:1   | Identified a scroll of acquirement
 12103 | Lair:2   | Noticed Zonian's ghost (journeyman HOFi)
 12175 | Lair:2   | Found a runed door.
 12858 | Lair:2   | Found a hole to the Spider Nest.
 13443 | Lair:3   | Reached skill level 10 in Short Blades
 13612 | Lair:3   | Noticed a death yak
 13612 | Lair:3   | Noticed a death yak
 13613 | Lair:3   | Noticed a death yak
 13615 | Lair:3   | Noticed a death yak
 13779 | Lair:3   | Learned a level 2 spell: Slow
 13782 | Lair:3   | Learned a level 2 spell: Blink
 13786 | Lair:3   | Learned a level 3 spell: Mephitic Cloud
 13806 | Lair:3   | Noticed a death yak
 13808 | Lair:3   | Noticed a death yak
 14040 | Lair:3   | Killed a death yak
 14770 | Lair:2   | Killed a death yak
 15258 | Lair:3   | Reached XP level 13. HP: 79/80 MP: 18/29
 15262 | Lair:3   | Reached skill level 1 in Fighting
 15806 | Lair:4   | Found a staircase to the Swamp.
 16610 | Lair:5   | Reached ****** piety under Dithmenos
 16892 | Lair:5   | Got a twisted rapier
 16893 | Lair:5   | Identified the +3 rapier of Grace {flame, rF+ MR+++ Int-4 Dex+3} (You found it on level 5 of the Lair of Beasts)
 17179 | Lair:6   | Entered Level 6 of the Lair of Beasts
 17929 | Lair:6   | Reached XP level 14. HP: 89/91 MP: 27/31
 17971 | Lair:6   | Found a staircase to the Slime Pits.
 18127 | Lair:6   | Reached skill level 5 in Dodging
 18894 | Lair:6   | Got a warped dagger
 18895 | Lair:6   | Identified the +4 dagger of Defiance {pierce, *Drain +Fly rPois rC+} (You found it on level 6 of the Lair of Beasts)
 20047 | D:12     | Found Weent's Pet Rocks.
 20576 | D:13     | Found a sacrificial altar of Ru.
 20807 | D:13     | Reached skill level 15 in Stealth
 21531 | D:14     | Found a gate to the Vaults.
 21633 | D:14     | Reached XP level 15. HP: 94/98 MP: 33/33
 21694 | D:14     | Found Jiweis's Gadget Shoppe.
 22687 | D:15     | Entered Level 15 of the Dungeon
 22712 | D:15     | Got a warped ring mail
 22856 | D:15     | Found a runed gate.
 22856 | D:15     | Found a runed gate.
 22857 | D:15     | Found a runed gate.
 22858 | D:15     | Noticed Uvinaotu's ghost (journeyman MiFi)
 22859 | D:15     | Noticed Tain's ghost (journeyman TrBe)
 22883 | D:15     | Found an iron altar of Okawaru.
 23092 | D:15     | Got an ancient chain mail
 23232 | D:15     | Found a staircase to the Depths.
 23514 | D:15     | Identified the cursed +1 ring mail "Qead" {Dex+4} (You found it on level 15 of the Dungeon)
 23619 | Orc:1    | Entered Level 1 of the Orcish Mines
 23773 | Orc:2    | Entered Level 2 of the Orcish Mines
 23773 | Orc:2    | Found Hitse's Gadget Boutique.
 23781 | Orc:2    | Noticed an orc warlord
 23848 | Orc:2    | Found Dealun's Antique Weapon Boutique.
 23993 | Orc:1    | Noticed Josephine
 24173 | Orc:1    | Killed Josephine
 24581 | Orc:2    | Killed an orc warlord
 24740 | Orc:2    | Found a staircase to the Elven Halls.
 24746 | Orc:2    | Found Geass's Antique Armour Boutique.
 24951 | Orc:2    | Bought a glowing scarf for 232 gold pieces
 24982 | Orc:2    | Found Unej's Jewellery Emporium.
 25013 | Orc:2    | Bought an uncursed amulet of the acrobat for 420 gold pieces
 25357 | Orc:2    | Found Zusana's General Store.
 25426 | Orc:2    | Found Pizig's Practical Paraphernalia.
 25772 | D:12     | Bought Sif Muna's Disquisition on Clay for 1132 gold pieces
 25776 | D:12     | Learned a level 3 spell: Stone Arrow
 25968 | Swamp:1  | Entered Level 1 of the Swamp
 26233 | Spider:1 | Entered Level 1 of the Spider Nest
 26233 | Spider:1 | Found a runed door.
 26235 | Spider:1 | Noticed iishen's ghost (adept TrBe)
 26291 | Spider:1 | Reached skill level 1 in Earth Magic
 26995 | Spider:2 | Noticed a ghost moth
 27025 | Spider:2 | Killed a ghost moth
 27025 | Spider:2 | Reached XP level 16. HP: 48/106 MP: 0/34
 27201 | Spider:2 | Noticed Arachne
 27829 | Spider:2 | Killed Arachne
 28216 | Swamp:1  | Slain by a seven-headed hydra

Vault maps used:
D:1:      dpeg_arrival_simpleton_c, tso_metal_star
D:2:      uniq_natasha, uniq_crazy_yiuf_cottage
D:3:      first_ration, nicolae_dithmenos_through_a_glass_darkly
D:4:      kennysheep_mini_moat
D:5:      basic_altar, nicolae_ashenzari_panopticon, uniq_edmund
D:6:      chequers_temple_overflow_statue_of_worship, old_standard_altar,
          minmay_temple_entry_glassed_door, solitary_fountain, minivault_1,
          serial_bayou_pond_a
D:7:      cheibrodos_quashed, uniq_pikel
D:8:      cheibrodos_steamvent, serial_shops, shop_statue, uniq_grum,
          uniq_prince_ribbit1
D:9:      uniq_erolcha, uniq_erica
D:10:     orc_david_3
D:11:     erik_lair_dragon, serial_curves, eino_curves_04, eino_curves_01
D:12:     hangedman_ranch, guppyfry_shop_earth
D:13:     nicolae_ru_sacrificial_ziggurat
D:14:     hangedman_vaults_entry_quadrant_bands,
          hangedman_abyss_or_decor_lesser_grid, serial_shops, shop_fountains,
          grunt_ministairs_6
D:15:     hangedman_depths_entry_try_elsewhere_first, gammafunk_ghost_cemetery,
          serial_park_square1
Temple:   kb_temple_of_zot
Lair:2:   lemuel_ratsnest, nicolae_spider_entry_tight_spaces,
          hellmonk_ghost_happy_afterlife, minmay_hedge_maze
Lair:3:   minivault_23, grunt_megastairs_2
Lair:4:   nicolae_swamp_entry_splash_gauntlet, grunt_forest_stairs_clearing
Lair:6:   due_jungle_book, minmay_slime_entry_jelly_boxes, serial_bayou,
          serial_bayou_pond_c, serial_bayou_pond_b, serial_bayou_ford_a,
          serial_bayou_pond_e, infiniplex_staircase_pool_2, lemuel_fruit_fields
Swamp:1:  nicolae_swamp_godswood, uniq_frances
Spider:1: ebering_ghost_reflecting_pool
Spider:2: uniq_arachne
Orc:1:    uniq_josephine
Orc:2:    grunt_orc_gardens, grunt_orc_garden, grunt_orc_garden,
          grunt_orc_garden, grunt_orc_garden, special_room, serial_shops, shop,
          nicolae_alphabet_shops

Skill      XL: |  1  2  3  4  5  6  7  8  9 10 11 12 13 14 15 16 |
---------------+-------------------------------------------------+-----
Stealth        | 5 7 8 9 10 13 16 18 19 | 19.0
Hexes          | 5 6 8 10 11 14 15 17 18 19 | 19.8
Spellcasting   | 3 4 6 7 9 11 12 13 14 | 14.6
Short Blades   | 2 5 6 7 8 10 11 12 13 14 | 14.0
Dodging        | 4 5 |  5.9
Fighting       | 2 3 4 |  4.0
Earth Magic    | 2 |  2.8

Action                   |  1- 3 |  4- 6 |  7- 9 | 10-12 | 13-15 | 16-18 || total
-------------------------+-------+-------+-------+-------+-------+-------++-------
Melee: Dagger            |   104 |   125 |   156 |   299 |       |       ||   684
       Bite              |    10 |    11 |    11 |    50 |    93 |     5 ||   180
       Quick blade       |       |       |       |   308 |  1078 |    33 ||  1419
 Fire: Blowgun           |       |       |       |    14 |       |       ||    14
Throw: Stone             |       |       |       |     3 |     1 |       ||     4
 Cast: Corona            |    13 |     1 |     1 |       |       |       ||    15
       Ensorcelled Hiber |     7 |    42 |    57 |   213 |   247 |    32 ||   598
       Confuse           |       |     6 |     9 |    43 |   101 |     5 ||   164
       Gell's Gravitas   |       |       |       |     3 |     2 |     1 ||     6
       Mephitic Cloud    |       |       |       |     8 |     5 |       ||    13
       Blink             |       |       |       |     4 |     7 |     1 ||    12
       Metabolic Englaci |       |       |       |     3 |     1 |     3 ||     7
       Dazzling Spray    |       |       |       |     1 |       |       ||     1
       Slow              |       |       |       |       |     1 |     1 ||     2
       Stone Arrow       |       |       |       |       |     2 |       ||     2
       Tukima's Dance    |       |       |       |       |     1 |       ||     1
Invok: Shadow Step       |       |       |       |     1 |       |       ||     1
 Abil: End Transformatio |       |       |     1 |     4 |     6 |     2 ||    13
       Bat Form          |       |       |     1 |     4 |     6 |     2 ||    13
Evoke: Wand              |       |       |       |     1 |     3 |       ||     4
  Use: Potion            |       |     6 |     1 |     7 |     7 |     1 ||    22
       Scroll            |       |       |    13 |    10 |    24 |       ||    47
 Stab: Sleeping          |    11 |    34 |    60 |   150 |   247 |    16 ||   518
       Distracted        |     1 |       |     3 |     9 |    11 |     2 ||    26
       Confused          |       |     3 |     6 |    24 |    54 |     4 ||    91
  Eat: Corpse            |       |     4 |     1 |     2 |     3 |       ||    10
Armor: Robe              |    29 |    18 |    16 |       |       |       ||    63
       Troll leather arm |       |       |       |   115 |   122 |    28 ||   265
Dodge: Dodged            |    74 |    60 |    97 |   379 |   358 |    65 ||  1033

Table legend:
 A = Spawn XP
 B = Non-spawn XP
 C = Spawn XP percentage of total XP
 D = Spawn monster count
 E = Non-spawn monster count
 F = Spawn count percentage of total count
 G = Total turns spent on level
                    A         B        C        D         E        F      G
               +---------+---------+-------+---------+---------+-------+---------
         Total |       0 |  163980 |   0.0 |       0 |     821 |   0.0 | 28216
               +---------+---------+-------+---------+---------+-------+---------
           D:1 |       0 |      39 |   0.0 |       0 |      24 |   0.0 |  1448
           D:2 |       0 |     217 |   0.0 |       0 |      23 |   0.0 |  1470
           D:3 |       0 |     102 |   0.0 |       0 |      13 |   0.0 |   856
           D:4 |       0 |     725 |   0.0 |       0 |      24 |   0.0 |  1720
           D:5 |       0 |    1170 |   0.0 |       0 |      27 |   0.0 |   626
           D:6 |       0 |     460 |   0.0 |       0 |       9 |   0.0 |   726
           D:7 |       0 |    1953 |   0.0 |       0 |      12 |   0.0 |   583
           D:8 |       0 |    3481 |   0.0 |       0 |      36 |   0.0 |  1099
           D:9 |       0 |    3116 |   0.0 |       0 |      14 |   0.0 |   769
          D:10 |       0 |    1505 |   0.0 |       0 |      32 |   0.0 |   638
          D:11 |       0 |    6720 |   0.0 |       0 |      50 |   0.0 |  1782
          D:12 |       0 |    5685 |   0.0 |       0 |      31 |   0.0 |   713
          D:13 |       0 |    9855 |   0.0 |       0 |      42 |   0.0 |  1194
          D:14 |       0 |   16160 |   0.0 |       0 |      51 |   0.0 |  1039
          D:15 |       0 |   11887 |   0.0 |       0 |      24 |   0.0 |   870
        Lair:1 |       0 |    5782 |   0.0 |       0 |      24 |   0.0 |   634
        Lair:2 |       0 |    6909 |   0.0 |       0 |      65 |   0.0 |  1993
        Lair:3 |       0 |    6532 |   0.0 |       0 |      32 |   0.0 |  1416
        Lair:4 |       0 |    5726 |   0.0 |       0 |      29 |   0.0 |  1276
        Lair:5 |       0 |    9643 |   0.0 |       0 |      24 |   0.0 |  1055
        Lair:6 |       0 |   24487 |   0.0 |       0 |      65 |   0.0 |  2052
       Swamp:1 |       0 |    1594 |   0.0 |       0 |       4 |   0.0 |    90
      Spider:1 |       0 |    9445 |   0.0 |       0 |      27 |   0.0 |  1307
      Spider:2 |       0 |   10569 |   0.0 |       0 |      16 |   0.0 |   578
         Orc:1 |       0 |    5403 |   0.0 |       0 |      34 |   0.0 |   765
         Orc:2 |       0 |   14815 |   0.0 |       0 |      89 |   0.0 |  1351
               +---------+---------+-------+---------+---------+-------+---------
